 Dungeon Crawl Stone Soup version 0.27-a0-1456-gf5a116941d (webtiles) character file.

Game seed: 16644754203900312091

100 bande the Shield-Bearer (level 4, -2/29 HPs)
             Began as a Gargoyle Fighter on July 7, 2021.
             Slain by Sigmund (8 damage)
             ... on level 3 of the Dungeon.
             The game lasted 00:02:43 (2606 turns).

bande the Shield-Bearer (Gargoyle Fighter)          Turns: 2606, Time: 00:02:43

Health: -2/29      AC: 10    Str: 19    XL:     4   Next: 73%
Magic:  4/4        EV:  7    Int:  9    God:
Gold:   112        SH:  0    Dex: 10    Spells: 3/3 levels left

rFire    . . .     SeeInvis .   a - +0 war axe
rCold    . . .     Faith    .   c - +0 kite shield
rNeg     + . .     Spirit   .   b - +0 scale mail
rPois    ∞         Reflect  .   (no helmet)
rElec    +         Harm     .   (no cloak)
rCorr    .         Rampage  .   (no gloves)
Will     .....                  (no boots)
Stlth    ..........             (no amulet)
HPRegen  0.09/turn              (no ring)
MPRegen  0.09/turn              (no ring)

@: confused, mighty, hasted, very quick
A: sickness immunity, AC +3, negative energy resistance 1, electricity
resistance, torment resistance 1, petrification resistance
a: no special abilities


You were on level 3 of the Dungeon.
You visited 1 branch of the dungeon, and saw 3 of its levels.

You collected 112 gold pieces.

Inventory:

Hand Weapons
 a - a +0 war axe (weapon)
Armour
 b - a +0 scale mail (worn)
 c - a +0 kite shield (worn)
Scrolls
 f - 3 scrolls of identify {unknown}
 g - a scroll of teleportation {unknown}
Potions
 e - a potion of haste


   Skills:
 + Level 3.8 Fighting
 + Level 3.0 Axes
 + Level 3.8 Armour
 + Level 0.4 Dodging
 + Level 4.0 Shields


You had 3 spell levels left.
You didn't know any spells.
Your spell library was empty.

Dungeon Overview and Level Annotations

Branches:
Dungeon (3/15)

Altars:

Shops:
D:1 =

Annotations:
D:3 Sigmund


Innate Abilities, Weirdness & Mutations

You are immune to sickness and miasma.
Your stone body is resilient. (AC +3)
You are immune to poison.
You resist negative energy. (rN+)
You are resistant to electric shocks. (rElec)
You are resistant to unholy torment.
You are immune to petrification.


Message History

No target in view!
No target in view!
No target in view!
No target in view!
Items here: )))) [[ †††.
Okay, then.
You start waiting.
Done waiting.
Found 14 stones.
Sigmund the Dreaded comes into view.
He is wielding a +0 scythe.
Sigmund shouts!
Found a scroll labelled NIUSOXZ NIOR and 12 poisoned darts.
Sigmund casts a spell at you. The puff of flame hits you!
Sigmund gestures wildly while chanting.
Sigmund flickers and vanishes!
Deactivating autopickup; reactivate with Ctrl-A.
No target in view!
No target in view!
No target in view!
No target in view!
No target in view!
Unknown command.
It was a potion of haste.
You feel yourself speed up. Something hits you but does no damage.
You feel very mighty all of a sudden.
A rat comes into view.
Something hits you but does no damage.
Found a stone staircase leading down.
You closely miss something.
You hear some strange, mumbled words.
You are confused.
Something hits you but does no damage.
You barely miss something. You closely miss the rat. Something hits you.
The rat bites you. Something hits you!
* * * LOW HITPOINT WARNING * * *
Unknown command.
You barely miss the rat. You miss something. The rat barely misses you.
Something hits you!
You die...

############ ####
............ .(.
######..##. #?.##
#....<.#### #...#
#.###### # #..## ##)#
# #...####..#
###@..##..##
#.........#
#(r{......####
#.............######
#..###.###.#.........
#.# #..##.#...)...##
>.. ##.##.. ####.##[
.... ..##.. #..).
#### #.. ..# #)...


You could see a rat.

Vanquished Creatures
  Jessica (D:3)
  2 adders (D:2)
  A worm (D:2)
  2 dart slugs
  4 orcs (D:3)
  4 ball pythons
  An endoplasm (D:2)
  4 goblins
  9 hobgoblins
  6 jackals
  A bat (D:2)
  4 frilled lizards (D:2)
  3 kobolds (D:2)
  A rat (D:1)
43 creatures vanquished.

Notes
Turn   | Place    | Note
-------+----------+-------------------------------------------
     0 | D:1      | bande the Gargoyle Fighter began the quest for the Orb.
     0 | D:1      | Reached XP level 1. HP: 14/14 MP: 1/1
   403 | D:1      | Reached XP level 2. HP: 16/19 MP: 2/2
   493 | D:1      | Found a faded altar of an unknown god.
   712 | D:1      | Found Pody's Jewellery Boutique.
  1396 | D:2      | Reached XP level 3. HP: 23/23 MP: 3/3
  2323 | D:3      | Noticed Jessica
  2325 | D:3      | Reached XP level 4. HP: 29/29 MP: 4/4
  2346 | D:3      | Killed Jessica
  2347 | D:3      | Reached skill level 4 in Shields
  2594 | D:3      | Noticed Sigmund
  2606 | D:3      | Slain by Sigmund

Illustrated notes

Levels and vault maps discovered:
D:1:      lightli_molten_gateway, layout_basic, ebering_ecumenical_altar_hall,
          serial_shops, nicolae_shop_trees, kennysheep_flooded_box
D:2:      layout_basic
D:3:      layout_rooms, grunt_ministairs_2, uniq_sigmund, uniq_jessica,
          uniq_ijyb

Skill      XL: |  1  2  3  4 |
---------------+-------------+-----
Axes           | 2 3 |  3.0
Shields        | 4 |  4.0
Fighting       | |  3.8
Armour         | |  3.8
Dodging        | |  0.4

Action                   |  1- 3 |  4- 6 || total
-------------------------+-------+-------++-------
Melee: War axe           |    92 |    40 ||   132
  Use: Scroll            |     1 |       ||     1
       Potion            |       |     2 ||     2
Armor: Scale mail        |    60 |    27 ||    87
Dodge: Dodged            |    24 |    17 ||    41
Block: Kite shield       |    48 |    19 ||    67

Table legend: (Time is in decaauts)
 A = Elapsed time spent in this place.
 B = Non-inter-level travel time spent in this place.
 C = Inter-level travel time spent in this place.
 D = Time resting spent in this place.
 E = Time spent auto-exploring this place.
 F = Levels seen in this place.
 G = Mean time per level.
                   A        B        C        D        E       F      G
               +--------+--------+--------+--------+--------+-----+--------+
         Total |   2690 |   2638 |     52 |    365 |   1889 |   3 |  896.7 |
       Dungeon |   2690 |   2638 |     52 |    365 |   1889 |   3 |  896.7 |
               +--------+--------+--------+--------+--------+-----+--------+

Top non-repeatable levels by time:
     D:2: 1207 daAuts
     D:1: 1163 daAuts
     D:3: 319 daAuts
